 Dungeon Crawl Stone Soup version 0.30-a0-779-g7971cf19c3 (webtiles) character file.

Game seed: 10834980186220386692

1771 Dittersdorf the Trooper (level 9, 0/57 HPs)
             Began as a Gargoyle Fighter on Feb 17, 2023.
             Was a Follower of Okawaru.
             Killed by nerve-wracking pain
             ... invoked by an orc priest
              (2 damage)
             ... on level 6 of the Dungeon.
             The game lasted 00:06:17 (4623 turns).

Dittersdorf the Trooper (Gargoyle Fighter)          Turns: 4623, Time: 00:06:18

Health: 0/57       AC: 16    Str: 24    XL:     9   Next: 7%
Magic:  18/18      EV:  9    Int:  9    God:    Okawaru [*.....]
Gold:   370        SH:  5    Dex:  9    Spells: 8/8 levels left

rFire   . . .      SeeInvis .    a - +4 flail (holy)
rCold   . . .      Faith    .    c - +0 buckler
rNeg    + + .      Spirit   .    b - +0 scale mail
rPois   ∞          Reflect  .    m - +0 helmet
rElec   +          Harm     .    f - +0 cloak
rCorr   .          Rampage  .    (no gloves)
Will    .....                    (no boots) Stlth
                                 (no amulet)
HPRegen 0.29/turn                j - ring of positive energy
MPRegen 0.16/turn                s - ring of magical power

@: no status effects
A: sickness immunity, AC +6, negative energy resistance 1, electricity
resistance, torment resistance 1, petrification resistance
a: Renounce Religion, Heroism


You were on level 6 of the Dungeon.
You worshipped Okawaru.
Okawaru was aware of your devotion.
You visited 2 branches of the dungeon, and saw 7 of its levels.

You collected 370 gold pieces.

Inventory:

Hand Weapons
 a - a +4 flail of holy wrath (weapon)
Missiles
 n - 6 poisoned darts (quivered)
Armour
 b - a +0 scale mail (worn)
 c - a +0 buckler (worn)
 f - a +0 cloak (worn)
 m - a +0 helmet (worn)
Jewellery
 j - a ring of positive energy (left hand)
 s - a ring of magical power (right hand)
Wands
 x - a wand of flame (6)
 y - a wand of quicksilver (8)
Scrolls
 g - a scroll of butterflies {unknown}
 h - a scroll of silence {unknown}
 k - 2 scrolls of magic mapping {unknown}
 l - a scroll of vulnerability {unknown}
 o - 2 scrolls of enchant armour {unknown}
 q - a scroll of amnesia {unknown}
 r - 2 scrolls of blinking
 t - a scroll of poison
 v - a scroll of fear {unknown}
 z - a scroll of enchant weapon {unknown}
Potions
 d - 3 potions of might
 e - 2 potions of heal wounds
 i - 2 potions of curing
 p - a potion of resistance
 u - a potion of lignification {unknown}
 w - a potion of haste


   Skills:
 + Level 7.0 Fighting
 + Level 6.0 Maces & Flails
 + Level 7.0 Armour
 + Level 7.0 Shields


You had 8 spell levels left.
You didn't know any spells.
Your spell library contained the following spells:

 Spells                   Type           Power      Damage    Failure   Level
 Magic Dart               Conj           0%         1d3       75%         1
 Mephitic Cloud           Conj/Pois/Air  0%         N/A       98%         3
 Portal Projectile        Hex/Tloc       0%         N/A       98%         3
 Leda's Liquefaction      Hex/Erth       0%         N/A       100%        4
 Call Imp                 Summ           Unusable   N/A       N/A         2
 Call Canine Familiar     Summ           Unusable   N/A       N/A         3

Dungeon Overview and Level Annotations

Branches:
Dungeon (6/15)             Temple (1/1) D:5

Altars:
Fedhas
Gozag
Kikubaaqudgha
Nemelex Xobeh
Okawaru
Ru
Sif Muna
Trog
Wu Jian
Xom
Yredelemnul
The Shining One


Innate Abilities, Weirdness & Mutations

You are immune to sickness and miasma.
Your stone body is resilient. (AC +6)
You are immune to poison.
You resist negative energy. (rN+)
You are resistant to electric shocks. (rElec)
You are resistant to unholy torment.
You are immune to petrification.


Message History

You are too injured to fight recklessly!
You are too injured to fight recklessly!
You are too injured to fight recklessly!
You barely miss the orc priest. The orc priest hits you with a +0 club.
The phantom barely misses you. The orc barely misses you.
You barely miss the orc priest. The orc priest completely misses you.
The phantom hits you but does no damage.
The orc hits you but does no damage.
You closely miss the orc priest.
The orc priest hits you but does no damage.
You block the phantom's attack. The orc closely misses you.
You sock the orc priest!
The orc priest is almost dead.
The orc priest invokes the aid of Beogh against you.
Beogh smites you!
* * * LOW HITPOINT WARNING * * *
The phantom hits you but does no damage.
You block the orc's attack.
You hit the orc priest but do no damage.
The orc priest is almost dead.
The orc priest hits you but does no damage.
The phantom barely misses you. The orc hits you but does no damage.
You hit the orc priest but do no damage.
The orc priest is almost dead.
The orc priest hits you but does no damage.
The phantom closely misses you. The orc barely misses you.
You block the phantom's attack. You block the orc's attack.
The orc priest calls down the wrath of Beogh upon you.
Beogh smites you!
* * * LOW HITPOINT WARNING * * *
You closely miss the orc priest.
The orc priest is almost dead.
The orc priest hits you but does no damage.
The phantom hits you but does no damage.
The orc hits you but does no damage.
You hit the orc priest but do no damage.
The orc priest is severely wounded.
The orc priest calls down the wrath of Beogh upon you.
Pain shoots through your body!
You die...

#.........##..
########.......###..
#.....#......[..#...
#.#.#.#.............
#...#..............#
#.#.###..........#..
#.#.###.........##.#
#.#...##.......##...
#.)@................
#.Woo.####..........
#......# #..........
#.##..... ..........
#. ....... .......
#( ......### #.....
.. ....#...#.#.>...
# #.#.......#.....
..........


You could see a phantom, an orc priest and an orc.

Vanquished Creatures
  Pikel (D:3)
  Sigmund (D:6)
  Edmund (D:6)
  A water moccasin (D:6)
  2 lemures (D:3)
  A phantom (D:4)
  A gnoll sergeant (D:4)
  3 scorpions
  2 hounds (D:4)
  3 jellies
  3 orc priests
  5 iguanas
  3 orc wizards
  3 gnolls
  4 adders
  A shadow imp (D:4)
  A white imp (D:6)
  4 ufetubi
  3 worms (D:4)
  3 dart slugs
  15 orcs
  11 ball pythons
  8 bats
  8 endoplasms
  6 giant cockroaches
  3 goblins
  5 hobgoblins
  2 jackals (D:3)
  4 kobolds
  5 quokkas
  5 frilled lizards
  3 rats
121 creatures vanquished.

Notes
Turn   | Place    | Note
-------+----------+-------------------------------------------
     0 | D:1      | Dittersdorf the Gargoyle Fighter began the quest for the
                  | Orb.
     0 | D:1      | Reached XP level 1. HP: 14/14 MP: 1/1
    73 | D:1      | Reached XP level 2. HP: 19/19 MP: 2/2
   406 | D:1      | Reached XP level 3. HP: 22/23 MP: 3/3
   603 | D:2      | Reached XP level 4. HP: 29/29 MP: 4/4
  1634 | D:3      | Found a sacrificial altar of Ru.
  1754 | D:3      | Found an opulent altar of Gozag.
  1890 | D:3      | Found an ornate altar of the Wu Jian Council.
  2000 | D:4      | Reached XP level 5. HP: 31/33 MP: 5/5
  2242 | D:4      | Reached XP level 6. HP: 24/39 MP: 6/6
  2638 | D:4      | Noticed Pikel
  2654 | D:3      | Killed Pikel
  2655 | D:3      | Reached skill level 5 in Fighting
  2655 | D:3      | Reached skill level 5 in Armour
  2655 | D:3      | Reached skill level 5 in Shields
  2655 | D:3      | Reached XP level 7. HP: 20/45 MP: 7/7
  3022 | D:5      | Entered Level 5 of the Dungeon
  3164 | D:4      | Reached XP level 8. HP: 35/51 MP: 8/8
  3514 | D:4      | Reached skill level 5 in Maces & Flails
  4068 | D:5      | Found a staircase to the Ecumenical Temple.
  4078 | Temple   | Entered the Ecumenical Temple
  4099 | Temple   | Became a worshipper of Warmaster Okawaru
  4342 | D:6      | Noticed Edmund
  4345 | D:6      | Killed Edmund
  4355 | D:6      | Noticed Sigmund
  4366 | D:6      | Killed Sigmund
  4366 | D:6      | Reached * piety under Okawaru
  4367 | D:6      | Reached XP level 9. HP: 40/56 MP: 9/9
  4621 | D:6      | HP: 2/57 [orc priest/divine providence (13)]
  4623 | D:6      | Killed from afar by an orc priest

Illustrated notes

Levels and vault maps discovered:
D:1:      lightli_arrival_boilingwater, layout_rooms, minmay_pentomino_u2
D:2:      layout_basic
D:3:      layout_basic, mainiacjoe_overflow_surrounded_room,
          mainiacjoe_overflow_swirl, minmay_misc_feat_alley
D:4:      layout_rooms, kennysheep_small_circle, uniq_pikel
D:5:      layout_cave_pools, temple_hall
D:6:      layout_rooms, mainiacjoe_overflow_alcove_2, nrook_mini_backslash,
          sigmund_edmund_badplayer
Temple:   regret_index_temple_chain_breaker

Skill      XL: |  1  2  3  4  5  6  7  8  9 |
---------------+----------------------------+-----
Fighting       | 4 5 6 7 |  7.0
Armour         | 4 5 6 7 |  7.0
Shields        | 4 5 6 7 |  7.0
Maces & Flails | 3 4 5 6 |  6.0

Action                     |  1- 3 |  4- 6 |  7- 9 || total
---------------------------+-------+-------+-------++-------
  Melee: Flail             |   125 |   210 |   240 ||   575
  Throw: Dart              |       |     1 |       ||     1
    Use: Scroll            |       |     5 |     2 ||     7
         Potion            |       |     1 |       ||     1
 Armour: Scale mail        |    81 |   147 |   181 ||   409
  Dodge: Dodged            |    76 |   120 |   113 ||   309
  Block: Buckler           |    45 |    61 |    64 ||   170

Table legend: (Time is in decaauts)
 A = Elapsed time spent in this place.
 B = Non-inter-level travel time spent in this place.
 C = Inter-level travel time spent in this place.
 D = Time resting spent in this place.
 E = Time spent auto-exploring this place.
 F = Levels seen in this place.
 G = Mean time per level.
                   A        B        C        D        E       F      G
               +--------+--------+--------+--------+--------+-----+--------+
         Total |   4778 |   4608 |    170 |    599 |   2762 |   7 |  682.6 |
       Dungeon |   4741 |   4585 |    156 |    599 |   2751 |   6 |  790.2 |
        Temple |     36 |     22 |     14 |      0 |     11 |   1 |   36.0 |
               +--------+--------+--------+--------+--------+-----+--------+

Top non-repeatable levels by time:
     D:4: 1265 daAuts
     D:3: 951 daAuts
     D:5: 870 daAuts
     D:2: 819 daAuts
     D:1: 488 daAuts
     D:6: 345 daAuts
  Temple: 36 daAuts
